 Dungeon Crawl Stone Soup version 0.25-a0-591-g2ad0d86 (webtiles) character file.

Game seed: 1142453803250024383, levelgen mode: deterministic

26751 Pokesalot the Carver (level 12, -2/97 HPs)
             Began as a Demigod Conjurer on Mar 10, 2020.
             Slain by a wolf spider (9 damage)
             ... on level 12 of the Dungeon on Mar 14, 2020.
             The game lasted 02:44:36 (16873 turns).

Pokesalot the Carver (Demigod Conjurer)            Turns: 16873, Time: 02:44:37

Health: -2/97      AC: 22    Str: 13    XL:     12   Next: 63%
Magic:  0/26       EV: 13    Int: 25    God:
Gold:   638        SH:  6    Dex: 16    Spells: 1/25 levels left

rFire    . . .     SeeInvis .   H - +7 Singing Sword {vorpal, sonic wave}
rCold    . . .     Gourm    .   C - +1 buckler {AC+3}
rNeg     . . .     Faith    .   V - +0 swamp dragon scales
rPois    +         Spirit   +   z - +0 helmet
rElec    .         Reflect  .   (no cloak)
rCorr    .         Harm     .   G - +0 pair of gloves
MR       +....                  A - +2 pair of boots
Stlth    ++........             J - amulet of guardian spirit
HPRegen  0.26/turn              X - +3 ring of slaying
MPRegen  0.20/turn              I - +5 ring of protection

@: brilliant, berserk cooldown, very slightly contaminated, slowed, studying
Bows, very slow
A: high mp 1
a: no special abilities


You were on level 12 of the Dungeon.
You were not hungry.

You visited 1 branch of the dungeon, and saw 13 of its levels.
You also visited: Bailey.

You collected 638 gold pieces.

Inventory:

Hand Weapons
 k - a +0 longbow
 q - a +1 antimagic scythe
 w - a +2 hunting sling of flaming
 D - a +2 trident of freezing
 H - the +7 Singing Sword (weapon) {vorpal, sonic wave}
   (You found it on level 4 of the Dungeon)

   It inflicts extra damage upon your enemies.
 K - the +9 quarterstaff "Kesurih" {protect, +Fly rN+++ Int-5}
   (You found it on level 9 of the Dungeon)

   It grants its wielder temporary protection when it strikes (+7 to AC).
   It affects your intelligence (-5).
   It renders you almost immune to negative energy.
   It lets you fly.
 Z - a +4 trident
Missiles
 a - 5 silver boomerangs (quivered)
 n - 87 sling bullets
 p - 8 atropa-tipped darts
 r - 35 poisoned darts
 x - 73 arrows
 M - 4 curare-tipped darts
Armour
 i - a +0 troll leather armour
 z - a +0 helmet (worn)
 A - a +2 pair of boots (worn)
 C - a +1 buckler of protection (worn)
 G - a +0 pair of gloves (worn)
 V - +0 swamp dragon scales (worn)
 Y - a +0 crystal plate armour
Jewellery
 e - an uncursed ring of fire
 I - a +5 ring of protection (right hand)
 J - an amulet of guardian spirit (around neck)
 N - an uncursed ring of stealth
 X - a +3 ring of slaying (left hand)
Wands
 f - a wand of polymorph (7)
 g - a wand of paralysis (8)
 B - a wand of scattershot (1)
 E - a wand of flame (14)
 O - a wand of iceblast (4)
 P - a wand of disintegration (5)
 Q - a wand of enslavement (19)
 S - a wand of random effects (34)
Scrolls
 d - a scroll of magic mapping
 y - 2 scrolls of immolation
 L - 2 scrolls of remove curse
 U - a scroll of enchant weapon {unknown}
Potions
 h - a potion of lignification {unknown}
 j - 2 potions of brilliance
 l - 2 potions of flight
 t - 2 potions of might
 u - a potion of mutation {unknown}
 v - a potion of degeneration {unknown}
Books
 T - a manual of Bows
Comestibles
 c - 5 rations


   Skills:
 * Level 6.9 Fighting
   Level 0.7(7.0) Short Blades
 * Level 10.9 Long Blades
   Level 3.2(3.7) Maces & Flails
 + Level 2.6(3.4) Staves
 + Level 2.3 Slings
 + Level 4.6 Bows
   Level 1.8 Crossbows
 + Level 5.0 Armour
 + Level 4.5 Dodging
 + Level 4.4 Stealth
 * Level 2.9 Shields
 * Level 7.0 Spellcasting
 * Level 9.1 Conjurations
 * Level 2.6 Hexes
 + Level 1.2 Evocations


You had one spell level left.
You knew the following spells:

 Your Spells              Type           Power        Failure   Level  Hunger
a - Magic Dart            Conj           ####         1%          1    None
b - Searing Ray           Conj           ######       1%          2    None
c - Dazzling Flash        Conj/Hex       ######       4%          3    None
d - Fulminant Prism       Conj/Hex       ######....   14%         4    None
e - Iskenderun's Mystic   Conj/Tloc      #####...     22%         4    None
f - Passwall              Tmut/Erth      ##......     22%         2    None
g - Hailstorm             Conj/Ice       #####...     22%         4    None
h - Sticky Flame          Conj/Fire      #####...     22%         4    None

Your spell library contained the following spells:

 Spells                   Type           Power        Failure   Level  Hunger
 Beastly Appendage        Tmut           ##....       16%         1    None
 Bolt of Magma            Conj/Fire/Erth #####.....   75%         5    None


Dungeon Overview and Level Annotations

Branches:
Dungeon (13/15)            Temple (0/1) D:5            Lair (0/6) D:10
    Orc (0/2) D:10         Bailey (visited)
 Vaults: D:13-14

Shops:
D:9 (   D:12 [

Annotations:
D:10 3 runed translucent doors, igorguim's ghost, journeyman DsFi


Innate Abilities, Weirdness & Mutations

You have an increased reservoir of magic. (+10% MP)


Message History

You feel a surge of power!
The searing ray hits the wolf spider!
The wolf spider is heavily wounded.
The searing ray hits the centaur warrior!
The centaur warrior is heavily wounded. (Press . to maintain the ray.)
The wolf spider hits you but does no damage.
The wolf spider bites you but does no damage.
The wolf spider hits you but does no damage.
The wolf spider misses you.
The centaur warrior shoots an arrow.
You block the arrow.
The wolf spider hits you but does no damage.
The wolf spider bites you but does no damage.
The wolf spider hits you but does no damage.
The wolf spider bites you but does no damage.
You barely miss the wolf spider.
The wolf spider is heavily wounded.
The wolf spider closely misses you. The wolf spider bites you!
* * * LOW HITPOINT WARNING * * *
The wolf spider hits you!
You die...

#.......#######
#........K..†.##
#.......#####.)#
#...##########'##
##.##,..#../#)(.#
#.**,..'...'(..#
****#.**,..#...#(.(#
,,,,,,***☼*######s##
********,,,#=.,#@..#
*,,,+.,,#...#
*,,,#,,,#...#
**+*****#####
*,,,*,,,*,,,*
*,,,+,,,+,,,*
*,,,*,,,*,,,*
*************


You could see a wolf spider.

Vanquished Creatures
  A hydra (D:12)
  2 centaur warriors (D:13)
  3 two-headed ogres
  A tengu warrior (D:12)
  2 unseen horrors (D:12)
  A death drake (shapeshifter) (D:12)
  A deep elf archer (Bailey)
  2 wolf spider zombies
  A manticore (D:13)
  2 ugly things (D:11)
  A cyclops (D:12)
  7 deep elf magi (Bailey)
  A centaur zombie (D:12)
  A gargoyle (D:13)
  Maggie (D:10)
  2 centaur skeletons
  2 efreet
  A kobold demonologist (D:12)
  2 komodo dragons
  3 trolls
  2 hornets
  A hippogriff (D:10)
  A shadow (D:12)
  2 wyverns
  A spriggan (D:9)
  Sigmund (D:2)
  14 yaks
  2 hungry ghosts
  A vampire mosquito (D:12)
  A steam dragon (D:7)
  An acid dragon (D:12)
  2 water moccasins
  4 sky beasts
  An ice beast (D:11)
  An eye of draining (D:11)
  6 orc warriors
  4 phantoms
  Purgy (D:3)
  7 ogres
  A necrophage (D:12)
  3 black bears
  A boggart (D:12)
  7 centaurs
  11 bullfrogs
  9 scorpions
  32 killer bees
  3 wights (D:12)
  4 howler monkeys (D:10)
  5 crimson imps
  2 bullfrog zombies (D:13)
  5 hounds
  3 bullfrog skeletons
  A jelly (D:5)
  12 orc priests
  4 iguanas
  Terence (D:2)
  Natasha (thrice) (D:2)
  6 orc wizards
  2 worker ants
  A killer bee zombie (D:6)
  2 hound skeletons
  Robin (D:3)
  A worker ant zombie (D:6)
  10 gnolls
  17 adders
  4 shadow imps
  An adder skeleton (D:9)
  2 worms
  A dart slug (D:4)
  6 leopard geckos
  55 orcs
  16 bats
  6 giant cockroaches
  15 goblins
  9 hobgoblins
  4 jackals
  5 quokkas
  2 ball pythons
  2 frilled lizards (D:1)
  5 kobolds
  11 rats
  39 plants (D:10)
420 creatures vanquished.

Vanquished Creatures (others)
  18 fulminant prisms
  A fungus (D:4)
  A plant (D:10)
20 creatures vanquished.

Grand Total: 440 creatures vanquished

Notes
Turn   | Place    | Note
-------+----------+-------------------------------------------
     0 | D:1      | Pokesalot the Demigod Conjurer began the quest for the Orb.
     0 | D:1      | Reached XP level 1. HP: 14/14 MP: 5/5
   554 | D:1      | Reached XP level 2. HP: 20/20 MP: 2/7
   558 | D:1      | Learned a level 2 spell: Searing Ray
  1371 | D:2      | Reached XP level 3. HP: 13/26 MP: 5/8
  1760 | D:2      | Noticed Natasha
  1760 | D:2      | Noticed Sigmund
  1765 | D:2      | Killed Natasha
  1765 | D:2      | Reached skill level 1 in Armour
  1795 | D:2      | Killed Sigmund
  1795 | D:2      | Reached skill level 1 in Fighting
  1795 | D:2      | Reached skill level 1 in Maces & Flails
  1795 | D:2      | Reached XP level 4. HP: 24/35 MP: 4/10
  1795 | D:2      | Reached XP level 5. HP: 27/40 MP: 4/11
  2085 | D:2      | Noticed Natasha
  2090 | D:2      | Killed Natasha
  2145 | D:2      | Noticed Natasha
  2150 | D:2      | Killed Natasha
  2221 | D:2      | Noticed Terence
  2240 | D:2      | Killed Terence
  2295 | D:2      | Learned a level 3 spell: Dazzling Flash
  2305 | D:3      | Reached XP level 6. HP: 35/47 MP: 9/12
  3028 | D:3      | Noticed Purgy
  3035 | D:3      | Killed Purgy
  3110 | D:3      | Noticed Robin
  3227 | D:3      | Killed Robin
  3449 | D:4      | Found a bloodstained altar of Trog.
  3470 | D:4      | Reached skill level 5 in Conjurations
  3712 | D:4      | Reached skill level 1 in Slings
  3712 | D:4      | Reached XP level 7. HP: 46/53 MP: 9/14
  3908 | D:4      | Found the +7 Singing Sword {vorpal, sonic wave}
  4182 | D:5      | Entered Level 5 of the Dungeon
  4182 | D:5      | Found a staircase to the Ecumenical Temple.
  4343 | D:5      | Reached skill level 1 in Long Blades
  4716 | D:5      | Reached skill level 2 in Long Blades
  4780 | D:5      | Reached XP level 8. HP: 45/62 MP: 10/16
  5057 | D:5      | Reached skill level 3 in Long Blades
  5420 | D:5      | Reached skill level 4 in Long Blades
  6024 | D:6      | Reached XP level 9. HP: 65/70 MP: 7/18
  6038 | D:6      | Learned a level 4 spell: Fulminant Prism
  6043 | D:6      | Learned a level 4 spell: Iskenderun's Mystic Blast
  6298 | D:6      | Found a hazy altar of Hepliaklqana.
  6298 | D:6      | Found a snail-covered altar of Cheibriados.
  6298 | D:6      | Found a sparkling altar of Nemelex Xobeh.
  6299 | D:6      | Found an opulent altar of Gozag.
  6505 | D:7      | Reached skill level 5 in Long Blades
  6888 | D:8      | Noticed a two-headed ogre
  6901 | D:8      | HP: 3/70 [two-headed ogre/+0 giant club (18)]
  6902 | D:8      | Killed a two-headed ogre
  6902 | D:8      | Reached skill level 6 in Long Blades
  7231 | D:8      | Reached skill level 5 in Spellcasting
  7534 | D:8      | Noticed a two-headed ogre
  7544 | D:8      | Killed a two-headed ogre
  7544 | D:8      | Reached XP level 10. HP: 46/78 MP: 15/21
  7749 | D:8      | Found a hazy altar of Hepliaklqana.
  7815 | D:8      | Reached skill level 7 in Long Blades
  7862 | D:8      | Found an iron altar of Okawaru.
  8452 | D:7      | Found a shadowy altar of Dithmenos.
  8455 | D:7      | Found a stormy altar of Qazlal.
  9325 | D:9      | Reached skill level 1 in Bows
  9863 | D:9      | Found Unlyshro's Weapon Boutique.
  9923 | D:9      | Got a faintly glowing quarterstaff
  9924 | D:9      | Identified the +9 quarterstaff "Kesurih" {protect, +Fly
                  | rN+++ Int-5} (You found it on level 9 of the Dungeon)
 10014 | D:10     | Entered Level 10 of the Dungeon
 10110 | D:10     | Noticed igorguim's ghost (journeyman DsFi)
 10136 | D:10     | Found a runed translucent gate.
 10137 | D:10     | Found a runed translucent gate.
 10137 | D:10     | Found a runed translucent gate.
 10240 | D:10     | Reached skill level 8 in Long Blades
 10240 | D:10     | Reached skill level 1 in Staves
 10439 | D:10     | Got a pair of encrusted boots
 10450 | D:10     | Identified the cursed -3 pair of boots of Ranererr {Str+2
                  | Int-5 Dex+3} (You found it on level 10 of the Dungeon)
 10491 | D:10     | Identified the +6 chain mail of Whack-A-Mole {Regen+ Dex+4}
 11404 | D:10     | Found a staircase to the Lair.
 11426 | D:10     | Reached XP level 11. HP: 85/85 MP: 16/23
 11634 | D:10     | Found a roughly hewn altar of Beogh.
 11634 | D:10     | Found a staircase to the Orcish Mines.
 11642 | D:10     | Reached skill level 5 in Fighting
 11780 | D:10     | Reached skill level 1 in Crossbows
 12066 | D:10     | Noticed Maggie
 12075 | D:10     | Killed Maggie
 12670 | D:11     | Found a white marble altar of Elyvilon.
 12738 | D:11     | Found a flagged portal.
 12762 | Bailey   | Entered a bailey
 12794 | Bailey   | Noticed a deep elf mage
 12796 | Bailey   | Reached skill level 9 in Long Blades
 12806 | Bailey   | Killed a deep elf mage
 12817 | Bailey   | Noticed a deep elf archer
 12841 | Bailey   | Killed a deep elf archer
 12843 | Bailey   | Noticed a deep elf mage
 12843 | Bailey   | HP: 4/89 [deep elf mage/bolt of negative energy (10)]
 12844 | Bailey   | Noticed a deep elf mage
 13515 | D:11     | HP: 2/89 [cyan ugly thing (11)]
 14679 | D:12     | Killed an unseen horror
 14684 | D:12     | Noticed a four-headed hydra
 14697 | D:12     | Killed a nine-headed hydra
 14697 | D:12     | Reached skill level 1 in Hexes
 15145 | D:12     | Noticed a two-headed ogre
 15184 | D:13     | Noticed a centaur warrior
 15191 | D:13     | Killed a centaur warrior
 15191 | D:13     | Reached skill level 1 in Shields
 15191 | D:13     | Reached XP level 12. HP: 79/96 MP: 11/26
 15199 | D:13     | Reached skill level 10 in Long Blades
 15439 | D:13     | Noticed a centaur warrior
 15460 | D:13     | Killed a centaur warrior
 15460 | D:13     | Reached skill level 1 in Evocations
 15467 | D:13     | Noticed a centaur warrior
 16321 | D:12     | Found Bedesaug's Antique Armour Shoppe.
 16422 | D:12     | Reached skill level 5 in Armour
 16544 | D:12     | Upgraded the game from 0.25-a0-589-g1e14c54 to
                  | 0.25-a0-591-g2ad0d86
 16551 | D:12     | Identified a scroll of acquirement
 16551 | D:12     | Identified the Disquisition on Changing and Attacks (You
                  | acquired it on level 12 of the Dungeon)
 16556 | D:12     | Learned a level 2 spell: Passwall
 16561 | D:12     | Learned a level 4 spell: Hailstorm
 16566 | D:12     | Learned a level 4 spell: Sticky Flame
 16835 | D:12     | Noticed a fire dragon
 16865 | D:12     | Noticed a centaur warrior
 16873 | D:12     | Slain by a wolf spider

Levels and vault maps discovered:
D:1:      minmay_arrival_jagged, layout_basic, hex_medium
D:2:      layout_loops_ring, first_ration, uniq_natasha, uniq_sigmund,
          uniq_terence
D:3:      layout_loops_cross, uniq_robin, uniq_purgy
D:4:      old_forge, layout_basic, grunt_ministairs_11, bloody_trog
D:5:      layout_loops_corners, minmay_temple_entry_tees
D:6:      layout_gridville, chequers_temple_overflow_statue_of_worship
D:7:      layout_loops_ring, minitemple, corexii_hall_statues_l,
          minmay_manual_mandibuliform
D:8:      layout_basic, basic_altar, kennysheep_okawaru_gauntlet
D:9:      layout_rooms, serial_shops, kennysheep_mini_moat, the_bakery
D:10:     layout_loops_ring, david_lair_shrubbed, david_orc_5,
          gammafunk_ghost_nasty_kobolds, dk_noncrumbling_3, uniq_maggie
D:11:     layout_roguey, basic_altar, lightli_bailey_entry_fortress,
          nicolae_water_bricks
D:12:     layout_loops_ring, serial_shops, shop, minmay_evil_grid
D:13:     layout_long_grid, serial_glass, glass_columns_a, glass_columns_a,
          hangedman_glass_garden, minmay_statue_bubble, uniq_kirke

Skill      XL: |  1  2  3  4  5  6  7  8  9 10 11 12 |
---------------+-------------------------------------+-----
Conjurations   | 4 5 6 7 8 9 |  9.1
Spellcasting   | 2 3 4 5 6 7 |  7.0
Stealth        | 2 3 4 |  4.4
Dodging        | 2 3 4 |  4.5
Armour         | 1 2 3 4 5 |  5.0
Fighting       | 1 2 3 4 6 |  6.9
Maces & Flails | 1 2 3 |  3.2
Slings         | 1 2 |  2.3
Long Blades    | 2 4 6 8 9 10 | 10.9
Bows           | 4 |  4.6
Staves         | 2 |  2.6
Crossbows      | 1 |  1.8
Hexes          | 1 2 |  2.6
Shields        | 1 2 |  2.9
Evocations     | 1 |  1.2
Short Blades   | |  0.7

Action                   |  1- 3 |  4- 6 |  7- 9 | 10-12 || total
-------------------------+-------+-------+-------+-------++-------
Melee: Dagger            |    24 |       |       |       ||    24
       Mace              |    28 |    81 |     7 |       ||   116
       Double sword      |       |       |    74 |   254 ||   328
       Quarterstaff      |       |       |       |    29 ||    29
 Fire: Hunting sling     |       |    16 |    11 |     3 ||    30
       Shortbow          |       |       |       |    67 ||    67
       Hand crossbow     |       |       |       |    22 ||    22
Throw: Dart              |     1 |       |       |       ||     1
 Cast: Magic Dart        |    26 |    34 |    62 |    38 ||   160
       Searing Ray       |     6 |    12 |    27 |    57 ||   102
       Dazzling Flash    |       |     1 |     1 |     5 ||     7
       Fulminant Prism   |       |       |       |    18 ||    18
       Sticky Flame      |       |       |       |     4 ||     4
       Hailstorm         |       |       |       |     3 ||     3
 Abil: Evoke Flight      |       |       |       |     1 ||     1
Evoke: Wand              |       |       |     3 |    20 ||    23
  Use: Scroll            |     2 |     4 |     7 |    11 ||    24
       Potion            |     1 |       |     3 |    11 ||    15
 Stab: Sleeping          |     2 |       |     4 |     2 ||     8
       Distracted        |       |       |     1 |     1 ||     2
  Eat: Chunk             |     1 |     5 |     1 |     4 ||    11
       Ration            |     1 |       |     3 |     9 ||    13
Armor: Robe              |     4 |       |       |       ||     4
       Leather armour    |    25 |    47 |    42 |    71 ||   185
       Scale mail        |       |       |       |    10 ||    10
       Swamp dragon scal |       |       |       |   180 ||   180
Dodge: Dodged            |    35 |   100 |    90 |   240 ||   465
Block: Buckler           |       |       |       |    37 ||    37
       Rpst.: Double sword |       |       |    21 |    47 ||    68

Table legend:
 A = Non-vault XP
 B = Vault XP
 C = Vault XP percentage of total XP
 D = Non-vault monster count
 E = Vault monster count
 F = Vault count percentage of total count
                 A         B        C        D         E       F
            +---------+---------+-------+---------+---------+-------
      Total |   29619 |    8597 |  22.5 |     294 |      87 |  22.8
            +---------+---------+-------+---------+---------+-------
        D:1 |      38 |       0 |   0.0 |      23 |       0 |   0.0
        D:2 |     130 |     281 |  68.4 |      18 |       3 |  14.3
        D:3 |      91 |     165 |  64.5 |      22 |      14 |  38.9
        D:4 |      90 |     403 |  81.7 |       9 |      16 |  64.0
        D:5 |    1464 |       0 |   0.0 |      26 |       0 |   0.0
        D:6 |     834 |       0 |   0.0 |      16 |       0 |   0.0
        D:7 |    1752 |      13 |   0.7 |      27 |       1 |   3.6
        D:8 |    3478 |       3 |   0.1 |      26 |       2 |   7.1
        D:9 |     867 |     211 |  19.6 |      19 |       1 |   5.0
       D:10 |    3726 |    1326 |  26.2 |      34 |      25 |  42.4
       D:11 |    3277 |     114 |   3.4 |      20 |      12 |  37.5
       D:12 |    8942 |    1490 |  14.3 |      39 |       5 |  11.4
       D:13 |    4930 |       0 |   0.0 |      15 |       0 |   0.0
     Bailey |       0 |    4591 | 100.0 |       0 |       8 | 100.0
            +---------+---------+-------+---------+---------+-------
